Map: [G8] NeoHumanity

Players

Cure - Winner!

  • Race: Terran Terran
  • Spawn Location: 5:00

Spirit

  • Race: Terran Terran
  • Spawn Location: 11:00

Event: Gamers8 2023

VOD

Have the link to the VOD?

Description

Time

  • Played on: Aug. 3, 2023, 6:10 a.m.
  • Length: 9:38

All games in this series

Show
View Real Time Build Order
Export as new Build Order

Cure Terran - Winner!

Build Orders: Gas First Reaper Expand 

Get SALT Encoding   

  12  0:00  SCV  
  13  0:12  SCV  
  14  0:16  Supply Depot  
  14  0:24  SCV  
  14  0:27  Refinery  
  15  0:38  SCV  
  16  0:43  Barracks  
  16  0:50  SCV  
  17  1:02  SCV  
  18  1:14  SCV  
  19  1:30  Reaper, Orbital Command  
  20  1:41  Command Center  
  20  1:50  Factory  
  20  1:55  SCV  
  20  2:00  Refinery  
  21  2:05  Barracks Reactor  
  21  2:08  SCV  
  22  2:12  Supply Depot  
  22  2:20  SCV  
  23  2:33  SCV  
  23  2:34  Hellion  
  23  2:36  Starport  
  26  2:40  Marine x2  
  28  2:45  SCV  
  29  2:53  Orbital Command  
  29  2:55  Factory Tech Lab  
  29  2:58  Marine x2  
  29  3:02  SCV  
  32  3:11  Orbital Command  
  32  3:13  Siege Tank  
  32  3:16  Marine x2  
  37  3:21  Medivac  
  37  3:26  Supply Depot  
  39  3:28  SCV  
  40  3:34  Marine x2  
  40  3:38  SCV  
  40  3:40  SCV  
  44  3:47  Siege Tank, Supply Depot  
  47  3:52  Marine x2  
  49  3:57  Viking  
  49  4:00  SCV  
  49  4:01  SCV  
  53  4:05  Refinery  
  53  4:11  Marine x2, Supply Depot  
  53  4:15  SCV x2  
  57  4:27  SCV x2  
  57  4:29  Marine x2  
  53  4:37  Siege Tank  
  51  4:39  Viking, SCV x2  
  55  4:49  Marine x2  
  55  4:50  Refinery  
  55  4:52  SCV x2  
  59  4:57  Supply Depot  
  59  5:04  SCV x2  
  61  5:11  Starport  
  61  5:20  Marine  
  61  5:21  Siege Tank, Viking  
  65  5:22  Viking  
  65  5:25  SCV x2  
  68  5:31  Supply Depot  
  68  5:38  Marine  
  69  5:43  SCV x2  
  70  5:54  Siege Tank, Viking x3  
  70  5:56  Marine  
  80  6:00  SCV x2  
  80  6:01  Supply Depot  
  80  6:03  Supply Depot  
  82  6:15  Marine  
  83  6:24  Viking x3  
  89  6:27  Supply Depot  
  89  6:28  Siege Tank  
  89  6:30  SCV x2  
  94  6:41  Command Center  
  94  6:43  SCV x2  
  96  6:52  Marine  
  97  6:55  SCV x2  
  97  7:00  Siege Tank  
  100  7:02  Viking x2  
  100  7:07  SCV x2  
  105  7:10  Marine  
  90  7:18  Viking  
  85  7:24  SCV x2  
  85  7:29  Barracks Tech Lab  
  87  7:32  Viking x2  
  91  7:38  Barracks  
  91  7:41  Siege Tank  
  91  7:43  SCV x2  
  96  7:49  Viking  
  96  7:50  Marine, Barracks  
  96  7:59  SCV  
  96  8:00  SCV  
  96  8:05  Viking x2  
  102  8:08  Marine  
  102  8:12  SCV x2  
  105  8:13  Siege Tank  
  105  8:19  Viking  
  106  8:21  Orbital Command  
  106  8:24  SCV x2  
  98  8:29  Marine  
  98  8:33  Engineering Bay  
  99  8:37  Barracks Reactor, Barracks Tech Lab  
  99  8:38  SCV x2  
  99  8:39  Liberator, Engineering Bay  
  104  8:43  Refinery  
  104  8:44  Refinery  
  104  8:45  Liberator  
  107  8:52  Marine  
  108  8:58  Supply Depot  
  108  9:01  Siege Tank  
  111  9:04  SCV x3  
  111  9:07  Marine  
  111  9:10  Marine  
  111  9:15  Marine x2  
Show
View Real Time Build Order
Export as new Build Order

Spirit Terran 

Build Orders: Mech 

Get SALT Encoding   

  12  0:00  SCV  
  13  0:12  SCV  
  14  0:17  Supply Depot  
  14  0:24  SCV  
  15  0:39  SCV  
  15  0:41  Barracks  
  16  0:45  Refinery  
  16  0:51  SCV  
  17  1:03  SCV  
  18  1:15  SCV  
  19  1:28  Marine  
  19  1:29  Orbital Command  
  20  1:41  Command Center  
  20  1:46  Reaper  
  21  1:52  Supply Depot  
  21  1:54  SCV  
  22  2:05  Factory  
  22  2:08  SCV  
  23  2:13  Refinery  
  23  2:20  SCV  
  23  2:22  Bunker  
  24  2:23  Barracks Reactor  
  24  2:32  SCV  
  25  2:44  SCV  
  26  2:51  Starport  
  26  2:55  Orbital Command  
  26  2:56  SCV  
  27  3:04  Hellion x2  
  31  3:08  SCV  
  31  3:09  Barracks Tech Lab  
  32  3:16  Refinery  
  32  3:20  SCV  
  32  3:21  SCV  
  32  3:26  Hellion  
  32  3:27  Hellion  
  38  3:32  SCV  
  38  3:33  SCV  
  40  3:35  Raven  
  42  3:41  Supply Depot  
  42  3:44  SCV  
  42  3:45  SCV  
  42  3:47  Hellion  
  46  3:51  Barracks Tech Lab  
  46  4:00  Supply Depot  
  46  4:03  SCV x2  
  46  4:06  Refinery  
  46  4:09  Raven  
  50  4:10  Factory  
  50  4:15  SCV x2  
  52  4:20  Supply Depot  
  52  4:27  SCV x2  
  48  4:35  Marine  
  47  4:38  Cyclone  
  47  4:39  SCV x2  
  47  4:40  Marine  
  47  4:44  Raven  
  55  4:51  SCV  
  56  4:53  Factory  
  56  4:54  SCV  
  56  4:57  Factory Reactor  
  57  5:03  SCV  
  57  5:06  SCV  
  58  5:11  Supply Depot  
  58  5:15  SCV  
  58  5:18  SCV  
  58  5:22  Factory Reactor  
  58  5:27  SCV  
  58  5:28  Siege Tank  
  62  5:32  SCV  
  62  5:35  Supply Depot  
  63  5:39  SCV  
  63  5:40  Factory Tech Lab  
  64  5:44  SCV  
  64  5:52  SCV  
  64  5:54  Supply Depot  
  64  5:55  Viking x2  
  64  5:56  SCV  
  70  6:00  Hellion x2  
  70  6:02  Siege Tank  
  70  6:04  SCV  
  78  6:16  Siege Tank, SCV x2  
  83  6:23  Supply Depot  
  83  6:25  Viking  
  85  6:36  Siege Tank, Viking, Hellion x2  
  85  6:38  Supply Depot  
  94  6:48  Siege Tank  
  97  6:58  Hellion x2  
  86  7:08  Siege Tank  
  83  7:19  Hellion x2  
  83  7:20  Siege Tank  
  87  7:27  Viking  
  87  7:29  Viking  
  91  7:40  Hellion x2  
  95  7:53  SCV x2  
  95  7:54  Hellion  
  95  7:55  Command Center  
  95  7:57  Viking  
  101  8:04  Supply Depot  
  98  8:12  SCV  
  94  8:29  Cyclone x2  
  94  8:30  Hellion x2  
  94  8:36  SCV x2  
  96  8:47  Viking x2  
  98  8:48  SCV  
  98  8:51  Hellion  
  91  8:56  Hellion  
  91  8:58  SCV  
  91  9:00  SCV  
  68  9:10  SCV  
  68  9:12  Hellion  
  68  9:13  SCV  
  60  9:22  SCV  
  66  9:25  SCV  
Tags
 
Add a new tag
Caveats
  • Supply blocks, unpowered buildings, or Contaminate may cause inaccurate times.
  • Supply counts are checked every 10 seconds.